[Event "ICCopen2017"]
[Site "Internet Chess Club"]
[Date "2017.03.19"]
[Round "3"]
[White "MLorenzini"]
[Black "Barbos"]
[Result "0-1"]
[ICCResult "White resigns"]
[WhiteElo "2028"]
[BlackElo "2534"]
[Opening "Sicilian"]
[ECO "B50"]
[NIC "SI.01"]
[Time "19:34:30"]
[TimeControl "180+0"]

1. e4 c5 2. Nf3 d6 3. c3 Nf6 4. Bd3 g6 5. h3 Bg7 6. O-O O-O 7. Re1 Nc6 8.
Bc2 e5 9. d4 exd4 10. cxd4 cxd4 11. Nxd4 Nxd4 12. Qxd4 Be6 13. Qd3 d5 14. e5
Nd7 15. Bf4 Nc5 16. Qd4 Rc8 17. Nd2 Qb6 18. Rac1 Nd7 19. Qxb6 Nxb6 20. b3 d4
21. Ne4 Nd5 22. Bg3 Nb4 23. Bb1 d3 24. Nd6 Rc6 25. Rxc6 bxc6 26. Rd1 f6 27.
exf6 Bxf6 28. Ne4 Bg7 29. Nc5 Bf5 30. a3 Nc2 31. Nxd3 Nxa3 32. Ba2 Rd8 33.
Nb2 Rxd1+ 34. Nxd1 Be6 35. Ne3 a5 36. Nc4 Nxc4 37. bxc4 a4 38. Kf1 Bf5 39.
Ke2 Bc2 40. Kd2 Bb3 41. Bxb3 axb3 42. Bd6 Kf7 43. Bb4 Ke6 44. Bc3 b2 45.
Bxb2 Bxb2 46. Kd3 Kf5 47. Ke3 g5 48. Kf3 h5 49. Ke3 Ke5 50. Kd3 c5 51. Ke3
g4 52. hxg4 hxg4 53. Kd3 Bd4 54. Ke2 Ke4 55. f3+ gxf3+ 56. gxf3+ Kf4 57. Kd3
Kxf3 58. Kc2 Ke4 59. Kb3 Kd3 {White resigns} 0-1

[Event "ICCopen2017"]
[Site "Internet Chess Club"]
[Date "2017.03.19"]
[Round "3"]
[White "MasterMind"]
[Black "penguingm1"]
[Result "0-1"]
[ICCResult "White checkmated"]
[WhiteElo "1827"]
[BlackElo "2838"]
[Opening "Catalan: closed, 5.Nf3"]
[ECO "E06"]
[NIC "CA.05"]
[Time "19:34:19"]
[TimeControl "180+0"]

1. Nf3 d5 2. d4 e6 3. c4 Nf6 4. g3 Be7 5. Bg2 O-O 6. O-O dxc4 7. Ne5 Nc6 8.
Nxc6 bxc6 9. Na3 Bxa3 10. bxa3 Ba6 11. Qd2 Rb8 12. Qa5 Rb6 13. Rd1 Qe7 14.
a4 Rd8 15. e3 Nd5 16. Qd2 h6 17. e4 Nb4 18. Ba3 c5 19. Qc3 cxd4 20. Rxd4 c5
21. Rxd8+ Qxd8 22. Bf1 Qd4 23. Rc1 Nxa2 24. Qxd4 cxd4 25. Ra1 Nb4 26. Rb1
Nc2 27. Rxb6 axb6 28. Bb2 c3 29. Bc1 Bxf1 30. Kxf1 d3 31. f4 d2 32. Bxd2
cxd2 33. Ke2 Nd4+ 34. Kxd2 b5 35. a5 Nb3+ 36. Kc3 Nxa5 37. Kb4 Nc4 38. Kxb5
Nd2 39. e5 Nf1 40. Kc5 Nxh2 41. Kd4 Nf1 42. g4 Ng3 43. Ke3 h5 44. Kf3 h4 45.
Kg2 g5 46. fxg5 Ne4 47. Kh3 Nxg5+ 48. Kxh4 Nf3+ 49. Kh5 Nxe5 50. g5 Ng6 51.
Kh6 Kf8 52. Kh5 Ke7 53. Kh6 e5 54. Kh5 Ke6 55. Kg4 Ne7 56. Kh5 Kf5 57. Kh6
e4 58. Kh5 e3 59. g6 Nxg6 60. Kh6 e2 61. Kg7 e1=Q 62. Kh7 Qh4+ 63. Kg7 Qh8+
64. Kxf7 Qf8# {White checkmated} 0-1

[Event "ICCopen2017"]
[Site "Internet Chess Club"]
[Date "2017.03.19"]
[Round "3"]
[White "markovichgoran"]
[Black "geilgambler"]
[Result "0-1"]
[ICCResult "White checkmated"]
[WhiteElo "2408"]
[BlackElo "1786"]
[Opening "Caro-Kann: two knights variation"]
[ECO "B10"]
[NIC "CK.01"]
[Time "19:34:35"]
[TimeControl "180+0"]

1. e4 c6 2. Nf3 d5 3. Nc3 dxe4 4. Nxe4 Nf6 5. Nxf6+ gxf6 6. Bc4 Bf5 7. Nh4
Bg6 8. Nxg6 hxg6 9. h3 Nd7 10. d4 e6 11. O-O Bg7 12. Re1 O-O 13. Bf4 Nb6 14.
Bb3 a5 15. c3 a4 16. Bc2 a3 17. b3 Nd5 18. Bd2 Qc7 19. Qf3 Rfd8 20. c4 Ne7
21. Bf4 Qa5 22. Red1 Rd7 23. h4 Nf5 24. Bxf5 Qxf5 25. g4 Qa5 26. h5 gxh5 27.
gxh5 Kh7 28. Kh1 Qf5 29. Rg1 Bh6 30. Rg4 Rxd4 31. Rag1 Qxh5+ 32. Bh2 Rxg4
33. Rxg4 Qf5 34. Qh3 Qxf2 35. Qh5 Qf3+ 36. Kg1 Qe3+ 37. Kf1 Qf3+ 38. Ke1
Qe3+ 39. Kf1 Rd8 40. Bg1 Rd1+ 41. Kg2 Rd2+ 42. Kh1 Qf3+ 43. Rg2 Qxg2#
{White checkmated}
0-1

[Event "ICCopen2017"]
[Site "Internet Chess Club"]
[Date "2017.03.19"]
[Round "3"]
[White "FGM21"]
[Black "rjohnson812"]
[Result "1-0"]
[ICCResult "Black forfeits on time"]
[WhiteElo "1868"]
[BlackElo "1393"]
[Opening "French: classical, Steinitz variation"]
[ECO "C14"]
[NIC "FR.06"]
[Time "19:34:14"]
[TimeControl "180+0"]

1. e4 e6 2. d4 d5 3. Nc3 Nf6 4. Bg5 Be7 5. e5 Nfd7 6. Bxe7 Qxe7 7. f4 a6 8.
Nf3 c5 9. dxc5 Nxc5 10. Bd3 Nc6 11. Qd2 Nxd3+ 12. Qxd3 O-O 13. O-O-O Bd7 14.
Ng5 g6 15. h4 h6 16. Nf3 Kg7 17. h5 b5 18. hxg6 fxg6 19. Rh4 Rh8 20. Rdh1
Nb4 21. Qd2 Rac8 22. g4 Rxc3 23. bxc3 Nxa2+ 24. Kd1 Qa3 25. f5 Nxc3+ 26. Ke1
Ne4 27. Qf4 Qc3+ 28. Kf1 Qxf3+ 29. Qxf3 Nd2+ 30. Kg2 Nxf3 31. Kxf3 exf5 32.
gxf5 Bxf5 33. c3 h5 34. Ra1 Ra8 35. Rd4 Be4+ 36. Kf4 Kh6 37. e6 a5 38. Ke5
a4 39. e7 Kg7 40. Kd6 Kf7 41. Rf1+ Bf5 42. Rxd5 Ra6+ 43. Kc5 Kxe7 44. Re1+
Kf6 45. Kxb5 Ra8 46. Rd6+ {Black forfeits on time} 1-0

[Event "ICCopen2017"]
[Site "Internet Chess Club"]
[Date "2017.03.19"]
[Round "3"]
[White "fletcherdavid"]
[Black "simplerxiao"]
[Result "0-1"]
[ICCResult "White resigns"]
[WhiteElo "1821"]
[BlackElo "1735"]
[Opening "Nimzovich-Larsen attack: Polish variation"]
[ECO "A01"]
[NIC "VO.08"]
[Time "19:35:06"]
[TimeControl "180+0"]

1. b3 b5 2. e3 Bb7 3. Nf3 a6 4. Bb2 Nf6 5. c4 b4 6. Bxf6 gxf6 7. d4 Bg7 8.
Nbd2 e6 9. g3 Nc6 10. Bg2 Ne7 11. O-O f5 12. Re1 Ng6 13. e4 f4 14. d5 h5 15.
Rc1 c5 16. dxc6 Bxc6 17. Qe2 h4 18. e5 hxg3 19. hxg3 fxg3 20. fxg3 Bh6 21.
Rcd1 Qa5 22. Ne4 Bxe4 23. Qxe4 Qc5+ 24. Kf1 Rc8 25. Rd6 Ne7 26. Red1 Nf5 27.
Qb7 Nxg3+ {White resigns} 0-1

[Event "ICCopen2017"]
[Site "Internet Chess Club"]
[Date "2017.03.19"]
[Round "3"]
[White "RobbieWilliams"]
[Black "Mercury"]
[Result "1-0"]
[ICCResult "Black resigns"]
[WhiteElo "1795"]
[BlackElo "2228"]
[Opening "Queen's pawn game"]
[ECO "A45"]
[NIC "QP.07"]
[Time "19:34:30"]
[TimeControl "180+0"]

1. d4 Nf6 2. e3 c5 3. c3 d5 4. Bd3 Qc7 5. f4 Nc6 6. Nf3 g6 7. O-O Bf5 8. Ne5
e6 9. Qe2 Bd6 10. Nd2 c4 11. Bb1 Bxb1 12. Rxb1 b5 13. a3 Nd7 14. g4 f5 15.
Qf3 O-O 16. Qg2 Nf6 17. h3 Bxe5 18. fxe5 Ne4 19. Nxe4 dxe4 20. Bd2 Ne7 21.
Rf2 Nd5 22. Rbf1 Qg7 23. gxf5 gxf5 24. Kh2 Qxg2+ 25. Rxg2+ Kf7 26. Rfg1 Rg8
27. h4 Rxg2+ 28. Rxg2 a5 29. Kh3 Rg8 30. Rxg8 Kxg8 31. h5 Kg7 32. Kh4 Kh6
33. Bc1 f4 34. exf4 e3 35. Kg4 a4 36. f5 exf5+ 37. Kxf5 Kxh5 38. e6 e2 39.
Bd2 Kh4 40. Be1+ Kh3 41. Ke5 Ne7 42. Kd6 Ng6 43. d5 Kg2 44. e7 Nxe7 45. Kxe7
Kf1 46. Bd2 h5 47. d6 {Black resigns} 1-0

[Event "ICCopen2017"]
[Site "Internet Chess Club"]
[Date "2017.03.19"]
[Round "3"]
[White "Atlantis75"]
[Black "BeerMeUpScotty"]
[Result "0-1"]
[ICCResult "White forfeits on time"]
[WhiteElo "1935"]
[BlackElo "1670"]
[Opening "Queen's pawn game"]
[ECO "A45"]
[NIC "QP.07"]
[Time "19:34:39"]
[TimeControl "180+0"]

1. d4 Nf6 2. c3 e6 3. Nd2 d5 4. Qc2 c5 5. Ngf3 Nc6 6. e3 Bd6 7. h3 O-O 8.
Bb5 Bd7 9. O-O Nxd4 10. exd4 Bxb5 11. Re1 cxd4 12. Nxd4 Bc6 13. N2f3 Rc8 14.
Bg5 Be7 15. Ne5 Be8 16. Rac1 Ne4 17. Bxe7 Qxe7 18. f3 Nd6 19. Qd2 f6 20. Ng4
e5 21. Qf2 Bf7 22. Qg3 Qc7 23. Nb3 Nf5 24. Qf2 a5 25. Ne3 Nxe3 26. Qxe3 a4
27. Nd2 Rfd8 28. Kh1 b5 29. a3 Qd7 30. Nf1 d4 31. cxd4 Rxc1 32. Rxc1 Qxd4
33. Qxd4 exd4 34. Nd2 Be6 35. Kg1 Rc8 36. Rxc8+ Bxc8 37. Kf2 Kf7 38. Ke2 Ke6
39. Kd3 Kd5 40. Ne4 Bf5 41. g4 Bg6 42. h4 f5 43. Nf2 fxg4+ 44. Ke2 gxf3+ 45.
Kxf3 Kc4 46. Ke2 Kb3 47. Kd2 Kxb2 48. Ng4 Kxa3 49. Ne5 b4 50. Nc6 b3 51.
Nxd4 b2 52. Nb5+ Ka2 53. Nc3+ Ka1 54. h5 Bf5 55. Nxa4 b1=Q 56. Nc3 Qc2+
{White forfeits on time}
0-1

[Event "ICCopen2017"]
[Site "Internet Chess Club"]
[Date "2017.03.19"]
[Round "3"]
[White "fishmaster"]
[Black "whiteshark"]
[Result "0-1"]
[ICCResult "White resigns"]
[WhiteElo "1828"]
[BlackElo "2482"]
[Opening "French: King's Indian attack"]
[ECO "C00"]
[NIC "FR.02"]
[Time "19:35:35"]
[TimeControl "180+0"]

1. e4 e6 2. d3 d5 3. Nd2 Nf6 4. Ngf3 Nc6 5. g3 Bc5 6. Bg2 O-O 7. O-O a5 8.
c3 dxe4 9. dxe4 e5 10. Qc2 b6 11. a4 Ba6 12. Rd1 Bd3 13. Qb3 Ng4 14. Nc4
Bxf2+ 15. Kh1 Bxc4 16. Rxd8 Bxb3 17. Rxa8 Rxa8 18. h3 Nf6 19. Bg5 Rd8 20.
Rf1 Rd1 21. Rxd1 Bxd1 22. Kh2 Nxe4 23. Nxe5 Bxg3+ 24. Kh1 Nf2+ 25. Kg1 Nxe5
26. Be3 Ned3 27. Bf1 Bxa4 28. Kg2 Bh4 29. Be2 Bc6+ 30. Bf3 Ne1+ 31. Kf1 Nxf3
32. Bxf2 Nd2+ 33. Ke2 Bxf2 34. Kxf2 Nb3 {White resigns} 0-1

[Event "ICCopen2017"]
[Site "Internet Chess Club"]
[Date "2017.03.19"]
[Round "3"]
[White "Brothersinarms"]
[Black "kaens"]
[Result "0-1"]
[ICCResult "White resigns"]
[WhiteElo "1745"]
[BlackElo "2255"]
[Opening "Sicilian: Alapin's variation (2.c3)"]
[ECO "B22"]
[NIC "SI.46"]
[Time "19:35:59"]
[TimeControl "180+0"]

1. e4 c5 2. c3 Nf6 3. Bd3 Nc6 4. Bc2 d5 5. exd5 Qxd5 6. Nf3 Bg4 7. O-O e5 8.
d3 h6 9. c4 Bxf3 10. gxf3 Qd7 11. Kg2 O-O-O 12. Be3 Bd6 13. Nc3 Nd4 14. Bxd4
cxd4 15. Ne4 Nh5 16. Nxd6+ Qxd6 17. Qe2 Nf4+ {White resigns} 0-1

[Event "ICCopen2017"]
[Site "Internet Chess Club"]
[Date "2017.03.19"]
[Round "3"]
[White "KnightWalker"]
[Black "wmanthony"]
[Result "1-0"]
[ICCResult "Black forfeits on time"]
[WhiteElo "1447"]
[BlackElo "1298"]
[Opening "Philidor's defense"]
[ECO "C41"]
[NIC "KP.10"]
[Time "19:34:39"]
[TimeControl "180+0"]

1. e4 e5 2. Nf3 d6 3. h3 Nf6 4. Bd3 Be7 5. c3 O-O 6. Bc2 Nbd7 7. O-O a5 8.
Re1 Nc5 9. d4 exd4 10. cxd4 Ne6 11. Nc3 Bd7 12. Qd3 g6 13. Bh6 Re8 14. Rad1
Ng7 15. e5 Bf5 16. Qd2 dxe5 17. Bxg7 Bxc2 18. Qxc2 Kxg7 19. dxe5 Nd7 20. Nd5
c6 21. Nb6 Qxb6 22. Rxd7 Rad8 23. Rxd8 Rxd8 24. Qc3 Bb4 25. Qe3 Qxe3 26.
Rxe3 Rd1+ 27. Kh2 Rb1 28. Re2 Bc5 29. Kg3 Rf1 30. Rc2 b6 31. a3 Kf8 32. b4
axb4 33. axb4 Bxb4 34. Rxc6 Bc5 35. Rc8+ Ke7 36. Rh8 Bxf2+ 37. Kh2 h5 38.
Nd2 {Black forfeits on time} 1-0

[Event "ICCopen2017"]
[Site "Internet Chess Club"]
[Date "2017.03.19"]
[Round "3"]
[White "zelog"]
[Black "ANGELLR"]
[Result "1/2-1/2"]
[ICCResult "White stalemated"]
[WhiteElo "2057"]
[BlackElo "1722"]
[Opening "English opening"]
[ECO "A20"]
[NIC "EO.03"]
[Time "19:34:33"]
[TimeControl "180+0"]

1. c4 e5 2. g3 Nf6 3. Bg2 Nc6 4. Nf3 d5 5. cxd5 Nxd5 6. Nc3 Be6 7. O-O Be7
8. d3 O-O 9. Bd2 f6 10. a3 Qd7 11. Rc1 Rfd8 12. Ne4 Rac8 13. Nc5 Bxc5 14.
Rxc5 b6 15. Rc1 Nd4 16. Nxd4 exd4 17. Qc2 c5 18. Rfe1 Re8 19. e4 dxe3 20.
fxe3 Bf7 21. e4 Nc7 22. Bc3 Ne6 23. Rcd1 Nd4 24. Qf2 Rcd8 25. h4 Qg4 26. Kh2
Be6 27. Qf4 Qxf4 28. gxf4 Bg4 29. Rd2 h5 30. Kg3 Re7 31. Re3 Rde8 32. Bh3
Nf5+ 33. Kf2 Nxe3 34. Kxe3 Bxh3 35. e5 fxe5 36. Bxe5 Bf5 37. d4 cxd4+ 38.
Rxd4 Rxe5+ 39. fxe5 Rxe5+ 40. Kf4 Rc5 41. b4 Rc3 42. Kxf5 Rxa3 43. Kg5 Rg3+
44. Kxh5 Kh7 45. Rd7 a5 46. bxa5 bxa5 47. Ra7 a4 48. Rxg7+ Kxg7
{White stalemated}
1/2-1/2

[Event "ICCopen2017"]
[Site "Internet Chess Club"]
[Date "2017.03.19"]
[Round "3"]
[White "Dewey"]
[Black "carpedef"]
[Result "0-1"]
[ICCResult "White forfeits on time"]
[WhiteElo "1391"]
[BlackElo "1722"]
[Opening "King's Indian defense, 3.Nc3"]
[ECO "E61"]
[NIC "KI.80"]
[Time "19:34:29"]
[TimeControl "180+0"]

1. d4 Nf6 2. c4 g6 3. Nc3 d6 4. e3 Bg7 5. Bd3 O-O 6. Nge2 Nbd7 7. O-O e5 8.
dxe5 dxe5 9. Qc2 Qe7 10. e4 c6 11. Be3 Rd8 12. Rad1 Nf8 13. b3 Ne8 14. Qb2
Ne6 15. b4 N8c7 16. a3 Nd4 17. Bb1 Nce6 18. f3 Bd7 19. Rd2 Be8 20. Rfd1 Rd7
21. Bxd4 Nxd4 22. Nxd4 exd4 23. Na4 b6 24. Qc2 Rad8 25. Nb2 h5 26. Nd3 h4
27. c5 b5 28. Nf4 g5 29. Ne2 Qe5 30. Rd3 h3 31. g3 Bf6 32. Qd2 Kg7 33. Kf2
Re7 34. Ba2 g4 35. Qf4 gxf3 36. Qxe5 Bxe5 37. Nf4 Bd7 38. Kxf3 f5 39. Nh5+
Kh6 40. Nf4 Rf8 41. exf5 Bxf5 42. R3d2 d3 43. Bb1 Bc3 44. Rxd3 Bxd3 45. Bxd3
Bb2 46. Be4 Rf6 47. Rd6 Rf7 48. Rxf6+ Rxf6 49. Ke3 Bxa3 50. Kd3 Bxb4 51.
Nxh3 Bxc5 52. Nf4 a5 {White forfeits on time} 0-1

[Event "ICCopen2017"]
[Site "Internet Chess Club"]
[Date "2017.03.19"]
[Round "3"]
[White "K-Georgiev"]
[Black "Baltimora"]
[Result "1-0"]
[ICCResult "Black resigns"]
[WhiteElo "2964"]
[BlackElo "2318"]
[Opening "English: four knights, kingside fianchetto"]
[ECO "A29"]
[NIC "EO.04"]
[Time "19:35:34"]
[TimeControl "180+0"]

1. c4 Nf6 2. Nc3 e5 3. Nf3 Nc6 4. g3 Bc5 5. Bg2 d6 6. d3 O-O 7. Bg5 h6 8.
Bxf6 Qxf6 9. O-O Bf5 10. Nd2 Qd8 11. a3 a5 12. Nde4 Ba7 13. e3 Qd7 14. Nd5
Kh8 15. b4 Be6 16. Nec3 Rab8 17. Nb5 Bb6 18. Nxb6 cxb6 19. Nc3 Ne7 20. Qb3
Rfd8 21. Rfd1 d5 22. cxd5 Nxd5 23. Nxd5 Bxd5 24. Bxd5 Qxd5 25. Qxd5 Rxd5 26.
Kf1 Rbd8 27. Ke2 R8d7 28. Rac1 axb4 29. axb4 Rb5 30. Rc4 Rbd5 31. g4 Kh7 32.
h4 R7d6 33. h5 Rc6 34. Rdc1 Rxc4 35. Rxc4 g6 36. Rc7 Kg7 37. hxg6 Kxg6 38.
Re7 Rb5 39. Kf3 Kf6 40. Rxb7 Rxb4 41. Rc7 Kg6 42. Rc8 Kf6 43. Rh8 Kg7 44.
Rc8 Kf6 45. Rd8 Kg7 46. Rd5 Kf6 47. Kg3 Ke6 48. Rd8 Kf6 49. Kf3 Ke7 50. Rh8
Rb3 51. Ke4 f6 52. Rxh6 Ke6 53. g5 Rb4+ 54. Kf3 Kf5 55. g6 {Black resigns}
1-0

[Event "ICCopen2017"]
[Site "Internet Chess Club"]
[Date "2017.03.19"]
[Round "3"]
[White "BryanL"]
[Black "J575"]
[Result "1-0"]
[ICCResult "Black resigns"]
[WhiteElo "1996"]
[BlackElo "1617"]
[Opening "Caro-Kann: Rasa-Studier gambit"]
[ECO "B15"]
[NIC "CK.05"]
[Time "19:35:21"]
[TimeControl "180+0"]

1. e4 c6 2. d4 d5 3. Nc3 dxe4 4. f3 e5 5. dxe5 Qxd1+ 6. Nxd1 exf3 7. Nxf3
Bg4 8. Bf4 Nd7 9. Ne3 Bxf3 10. gxf3 Bc5 11. O-O-O Bxe3+ 12. Bxe3 Nxe5 13.
Bd4 f6 14. Re1 Kf7 15. Bxe5 fxe5 16. Rxe5 Kf6 17. Re4 Ne7 18. Bh3 Nd5 19.
Rhe1 b5 20. Bd7 Rad8 21. Bxc6 Nc7 22. Re7 Nd5 23. Bxd5 Rxd5 24. Rxa7 Rf8 25.
a4 bxa4 26. Rxa4 Rc8 27. Rf4+ Kg6 28. Rg1+ Rg5 29. Rxg5+ Kxg5 30. Rg4+ Kf6
31. b4 h5 32. Rd4 Rc3 33. f4 Rh3 34. b5 Rxh2 35. b6 Rh1+ 36. Kb2 {Black
resigns} 1-0

[Event "ICCopen2017"]
[Site "Internet Chess Club"]
[Date "2017.03.19"]
[Round "3"]
[White "TrendFriend"]
[Black "AbasovN"]
[Result "0-1"]
[ICCResult "White resigns"]
[WhiteElo "2452"]
[BlackElo "3136"]
[Opening "Alekhine's defense: modern variation, 4...Bg4"]
[ECO "B05"]
[NIC "AL.01"]
[Time "19:35:27"]
[TimeControl "180+0"]

1. e4 Nf6 2. e5 Nd5 3. d4 d6 4. Nf3 Bg4 5. Be2 e6 6. h3 Bh5 7. O-O Be7 8. c4
Nb6 9. Nc3 O-O 10. Be3 Nc6 11. exd6 cxd6 12. d5 Bxf3 13. Bxf3 Ne5 14. dxe6
fxe6 15. Bg4 Nxg4 16. Qxg4 Qc8 17. Bxb6 axb6 18. Rfe1 Rf6 19. Nd5 exd5 20.
Rxe7 Qxg4 21. hxg4 dxc4 22. Rxb7 d5 23. Rd7 Re8 24. Kf1 Rh6 25. Kg1 Rf6 26.
Kf1 Rh6 27. Kg1 Re2 28. Rxd5 Rf6 29. f3 Rxb2 30. Re1 h6 31. Re7 Rxa2 32. Rc7
Rc2 33. Rd8+ Kh7 34. Rdd7 Rg6 35. Rd5 Rg5 36. Rxg5 hxg5 37. Rb7 Rb2
{White resigns}
0-1

[Event "ICCopen2017"]
[Site "Internet Chess Club"]
[Date "2017.03.19"]
[Round "3"]
[White "Lzmann"]
[Black "Astigmatist"]
[Result "1-0"]
[ICCResult "Black resigns"]
[WhiteElo "1662"]
[BlackElo "1972"]
[Opening "Blackmar gambit"]
[ECO "D00"]
[NIC "QP.08"]
[Time "19:34:54"]
[TimeControl "180+0"]

1. d4 d5 2. e4 dxe4 3. Nc3 e5 4. dxe5 Qxd1+ 5. Nxd1 Nc6 6. Bf4 Bd7 7. Nc3
Bb4 8. Ne2 Nge7 9. a3 Ba5 10. b4 Bb6 11. Nxe4 Ng6 12. c4 Nxf4 13. c5 Nd3+
14. Kd2 Ndxe5 15. cxb6 axb6 16. N2g3 O-O-O 17. Kc3 f5 18. Nd2 Rhe8 19. f3 g6
20. Bb5 Nf7 21. Rhe1 Nd6 22. Ba4 b5 23. Bb3 Rxe1 24. Rxe1 Re8 25. Rxe8+ Bxe8
26. Ne2 Bf7 27. Nf4 Bxb3 28. Nxb3 Nc4 29. a4 bxa4 30. Kxc4 axb3 31. Kxb3 Kd7
32. Nd5 h6 33. Kc4 Kd6 34. Nf6 Ne5+ 35. Kd4 Nf7 36. Ne8+ Kd7 37. Nf6+ Ke6
38. Nd5 c6 39. Nf4+ Kf6 40. Nd3 g5 41. Kc5 Ke6 42. Kb6 Nd6 43. Nc5+ Kd5 44.
Nxb7 Nc4+ 45. Kc7 Ne3 46. Na5 c5 47. b5 Nc4 48. Nxc4 Kxc4 49. b6 Kd3 50. b7
c4 51. b8=Q c3 52. Qb1+ c2 53. Qc1 {Black resigns} 1-0

[Event "ICCopen2017"]
[Site "Internet Chess Club"]
[Date "2017.03.19"]
[Round "3"]
[White "x22"]
[Black "Darnoc"]
[Result "0-1"]
[ICCResult "White resigns"]
[WhiteElo "2367"]
[BlackElo "2956"]
[Opening "French defense"]
[ECO "C11"]
[NIC "FR.04"]
[Time "19:35:25"]
[TimeControl "180+0"]

1. e4 e6 2. d4 d5 3. Nc3 Nf6 4. exd5 exd5 5. h3 Bb4 6. Ne2 O-O 7. a3 Ba5 8.
b4 Bb6 9. g3 a5 10. Rb1 axb4 11. axb4 Re8 12. Bg2 Nc6 13. O-O Bf5 14. Be3
Qd7 15. Kh2 Ne7 16. Nf4 c6 17. Nd3 Ng6 18. Nc5 Qc8 19. b5 Ba5 20. N3a4 b6
21. Nd3 cxb5 22. Rxb5 Qc4 23. Rxa5 Rxa5 24. Nxb6 Qc6 25. Nxd5 Nxd5 26. Nb4
Qc4 27. Nxd5 Rxd5 28. Bxd5 Qxd5 29. Re1 h6 30. Qe2 Rc8 31. Rc1 Rc3 32. Bd2
Rxc2 33. Rxc2 Bxc2 34. Bxh6 Ba4 35. Be3 Bc6 36. f3 Qxf3 37. Qxf3 Bxf3 38. g4
Be2 39. Kg3 Ne7 40. h4 Nd5 41. Bd2 Nf6 42. Kf2 Bxg4 43. Bg5 Ne4+ 44. Ke3
Nxg5 45. hxg5 Kh7 46. Kf4 Bc8 47. Ke5 Kg6 48. Kf4 Kh5 49. d5 Kg6 50. d6 Kh5
51. g6 Kxg6 52. Ke5 Bd7 53. Kd5 Kf6 54. Kc5 Ke6 {White resigns} 0-1

[Event "ICCopen2017"]
[Site "Internet Chess Club"]
[Date "2017.03.19"]
[Round "3"]
[White "Theunrock"]
[Black "flashlight"]
[Result "0-1"]
[ICCResult "White forfeits on time"]
[WhiteElo "1700"]
[BlackElo "2122"]
[Opening "Polish (Sokolsky) opening"]
[ECO "A00"]
[NIC "VO.10"]
[Time "19:34:49"]
[TimeControl "180+0"]

1. b4 Nf6 2. Bb2 g6 3. a3 Bg7 4. Nf3 O-O 5. e3 d5 6. Be2 a5 7. b5 c6 8. a4
Nbd7 9. c4 Re8 10. Nc3 e5 11. d4 exd4 12. exd4 Qe7 13. O-O Ne4 14. Re1 Nxc3
15. Bxc3 Qd8 16. Qb3 Nf6 17. Ne5 Ne4 18. Bb2 Be6 19. cxd5 Bxd5 20. Bc4 Nd2
21. Qc2 Qg5 22. Bxd5 cxd5 23. Kh1 Ne4 24. f3 Nd6 25. Rac1 Nf5 26. Qd3 Rac8
27. Kg1 Qf6 28. Rxc8 Rxc8 29. Rc1 Rxc1+ 30. Bxc1 Qe6 31. Bd2 b6 32. Kf2 Nxd4
33. Qxd4 Bxe5 34. Qd3 Qd6 35. Be3 d4 36. Bd2 Bxh2 37. Qe4 Bg3+ 38. Kf1 Kg7
39. f4 Bh4 {White forfeits on time} 0-1

[Event "ICCopen2017"]
[Site "Internet Chess Club"]
[Date "2017.03.19"]
[Round "3"]
[White "WAHEHE"]
[Black "VrloJakMK"]
[Result "0-1"]
[ICCResult "White forfeits on time"]
[WhiteElo "1693"]
[BlackElo "2082"]
[Opening "English: Anglo-Grünfeld defense"]
[ECO "A16"]
[NIC "EO.64"]
[Time "19:35:22"]
[TimeControl "180+0"]

1. c4 Nf6 2. Nc3 d5 3. cxd5 Nxd5 4. Nf3 Nc6 5. g3 Nb6 6. Bg2 g6 7. O-O Bg7
8. d3 O-O 9. Bd2 a6 10. Qc1 Re8 11. a3 Rb8 12. b4 Nd4 13. Nxd4 Bxd4 14. Ra2
Be6 15. Ra1 Nd5 16. Nxd5 Bxd5 17. Bxd5 Qxd5 18. Bc3 c6 19. Bxd4 Qxd4 20. Qc2
e5 21. Rac1 Rbd8 22. Rfd1 Rd5 23. Qc4 Red8 24. Qxd4 Rxd4 25. Rc3 e4 26. Kf1
f5 27. Ke1 Kf7 28. Kd2 Ke6 29. Rdc1 exd3 30. Rxd3 Rxd3+ 31. exd3 Rd5 32.
Re1+ Re5 33. Re3 Kd5 34. f4 Re6 35. Rxe6 Kxe6 36. d4 Kd5 37. Kd3 h6 38. a4
b6 39. h3 h5 40. a5 bxa5 41. bxa5 c5 42. dxc5 Kxc5 43. Kc3 Kb5 44. Kd4 Kxa5
45. Ke5 Kb5 46. Kf6 a5 47. Kxg6 a4 48. Kxf5 a3 49. Kg5 a2 50. Kxh5 a1=Q 51.
g4 Qh8+ 52. Kg6 Qxh3 53. g5 Kc6 54. f5 Qd3 55. Kf6 Kd7 56. g6 Qd4+ 57. Kf7
Qd5+ 58. Kf6 Ke8 {White forfeits on time} 0-1

[Event "ICCopen2017"]
[Site "Internet Chess Club"]
[Date "2017.03.19"]
[Round "3"]
[White "Shafkat"]
[Black "Jude"]
[Result "0-1"]
[ICCResult "White forfeits on time"]
[WhiteElo "1551"]
[BlackElo "1956"]
[Opening "Sicilian: Najdorf, Zagreb (fianchetto) variation"]
[ECO "B91"]
[NIC "SI.14"]
[Time "19:34:33"]
[TimeControl "180+0"]

1. e4 c5 2. Nf3 d6 3. d4 cxd4 4. Nxd4 Nf6 5. Nc3 a6 6. g3 e6 7. Bg2 Qc7 8.
O-O Nc6 9. h3 Nxd4 10. Qxd4 Be7 11. g4 O-O 12. a4 Rb8 13. Rb1 b5 14. axb5
axb5 15. Bg5 h6 16. Bh4 b4 17. Ne2 Qxc2 18. Rfe1 Qc5 19. Qd2 Bb7 20. Nc1
Rfc8 21. Nd3 Qd4 22. g5 hxg5 23. Bxg5 b3 24. Be3 Qc4 25. Nf4 Qc2 26. Qd4 e5
27. Qa4 exf4 28. Bxf4 Qc4 29. Qa5 Bxe4 30. Qg5 Bxb1 31. Rxb1 Nd5 32. Qxd5
Qxd5 33. Bxd5 Bf6 34. Bxd6 Rb6 {White forfeits on time} 0-1

[Event "ICCopen2017"]
[Site "Internet Chess Club"]
[Date "2017.03.19"]
[Round "3"]
[White "Carpe-Diem"]
[Black "playwaycool"]
[Result "0-1"]
[ICCResult "White forfeits on time"]
[WhiteElo "1727"]
[BlackElo "2249"]
[Opening "two knights defense: Bogolyubov variation"]
[ECO "C58"]
[NIC "KP.01"]
[Time "19:35:26"]
[TimeControl "180+0"]

1. e4 e5 2. Nf3 Nc6 3. Bc4 Nf6 4. Ng5 d5 5. exd5 Na5 6. Bb5+ c6 7. dxc6 bxc6
8. Qf3 h6 9. Ne4 Be7 10. Nxf6+ Bxf6 11. Bxc6+ Nxc6 12. Qxc6+ Bd7 13. Qf3 O-O
14. Nc3 Rc8 15. O-O Bc6 16. Qg3 e4 17. Re1 Re8 18. d3 exd3 19. Rxe8+ Qxe8
20. Qxd3 Rd8 21. Qe3 Bxc3 22. Qxe8+ Bxe8 23. Be3 Bxb2 24. Rb1 a6 25. g3 Bc6
26. h3 Kh7 27. g4 Be5 28. Kf1 Bf3 29. Ke1 Bc3+ 30. Kf1 Rd1+ 31. Rxd1 Bxd1
32. f4 Bxc2 33. Ke2 Bb1 34. a3 Bb2 35. Bc5 Kg8 36. f5 g6 37. fxg6 fxg6 38.
Ke3 Kf7 39. Kf4 Ke6 40. Be3 g5+ 41. Kf3 Bxa3 42. Bf2 Bd6 43. h4 gxh4
{White forfeits on time}
0-1

[Event "ICCopen2017"]
[Site "Internet Chess Club"]
[Date "2017.03.19"]
[Round "3"]
[White "turolo"]
[Black "Kusemaestro"]
[Result "0-1"]
[ICCResult "White resigns"]
[WhiteElo "1894"]
[BlackElo "1624"]
[Opening "Queen's pawn: London system"]
[ECO "A45"]
[NIC "QP.07"]
[Time "19:35:07"]
[TimeControl "180+0"]

1. d4 Nf6 2. Bf4 d6 3. Nc3 Nbd7 4. e4 e5 5. dxe5 dxe5 6. Bg5 c6 7. Qd2 Qc7
8. O-O-O Be7 9. f4 h6 10. fxe5 Nxe5 11. Bf4 Bg4 12. Nf3 Bxf3 13. gxf3 Rd8
14. Bxe5 Qxe5 15. Qe3 Rxd1+ 16. Kxd1 Bc5 17. Qe1 O-O 18. Kc1 Rd8 19. Bd3 Nh5
20. Qh4 Nf4 21. Bc4 Bd4 22. Ne2 Nxe2+ 23. Bxe2 Bxb2+ 24. Kb1 Rd2 25. Rd1 Ba3
{White resigns}
0-1

[Event "ICCopen2017"]
[Site "Internet Chess Club"]
[Date "2017.03.19"]
[Round "3"]
[White "blackending"]
[Black "eltigrecu"]
[Result "0-1"]
[ICCResult "White forfeits on time"]
[WhiteElo "1570"]
[BlackElo "1964"]
[Opening "Sicilian: Sveshnikov variation"]
[ECO "B33"]
[NIC "SI.38"]
[Time "19:34:19"]
[TimeControl "180+0"]

1. e4 c5 2. Nf3 Nc6 3. d4 cxd4 4. Nxd4 Nf6 5. Nc3 e5 6. Ndb5 d6 7. Bg5 a6 8.
Bxf6 gxf6 9. Na3 b5 10. Nd5 f5 11. Bd3 Be6 12. O-O Rg8 13. Kh1 f4 14. c4 b4
15. Nc2 a5 16. Re1 Be7 17. a3 Rb8 18. axb4 axb4 19. b3 Bg4 20. Be2 h5 21. h3
Bxe2 22. Qxe2 h4 23. Ra6 Qc8 24. Rea1 Kf8 25. Qh5 Bg5 26. R1a4 Ne7 27. Nxe7
Kxe7 28. Nxb4 Rxb4 29. Rxb4 Qxa6 30. Qg4 Bf6 31. Qf5 Qc6 32. Rb5 Ra8 33. Qh7
Ra1+ 34. Kh2 f3 35. Qf5 fxg2 36. Kxg2 Re1 37. Rb8 Qxe4+ 38. Qxe4 Rxe4 39.
Kf3 Rf4+ {White forfeits on time} 0-1